 Dungeon Crawl Stone Soup version 0.31-a0-1071-gaead2f62b1 (webtiles) character file.

Game seed: 17995773283895967091

1333 wildpjah the Chopper (level 8, -9/96 HPs)
             Began as a Demonspawn Gladiator on Nov 26, 2023.
             Was an Initiate of Qazlal.
             Mangled by a hornet (13 damage)
             ... on level 7 of the Dungeon.
             The game lasted 00:10:59 (4798 turns).

wildpjah the Chopper (Demonspawn Gladiator)         Turns: 4798, Time: 00:11:00

Health: -9/96      AC: 16    Str: 17    XL:     8   Next: 34%
Magic:  8/8        EV:  6    Int: 10    God:    Qazlal [......]
Gold:   365        SH:  0    Dex: 14    Spells: 7/7 levels left

rFire   . . .        q - +0 hand axe (freeze)
rCold   . . .        f - orb {*Rage}
rNeg    . . .        D - +0 plate armour
rPois   .            c - +0 helmet
rElec   .            (no cloak)
rCorr   .            (no gloves)
SInv    .            l - +0 pair of boots
Will    .....        m - amulet of regeneration Stlth
                     (no ring)
HPRegen 1.16/turn    (no ring)
MPRegen 0.11/turn

%: random rage (20%)
@: berserking, lethally poisoned (-9 -> -9), slowed
A: rugged brown scales 2, powered by pain 1, demonic touch 2
a: Renounce Religion


You were on level 7 of the Dungeon.
You worshipped Qazlal.
Qazlal was noncommittal.
You visited 2 branches of the dungeon, and saw 8 of its levels.

You collected 365 gold pieces.

Inventory:

Hand Weapons
 a - a +0 flail
 q - a +0 hand axe of freezing (weapon)
Missiles
 d - 5 throwing nets (quivered)
 e - a javelin
 t - 2 atropa-tipped darts
Armour
 b - a +0 leather armour
 c - a +0 helmet (worn)
 f - an orb of wrath (worn)
 g - a +0 scale mail
 l - a +0 pair of boots (worn)
 v - a +3 ring mail of fire resistance
 D - a +0 plate armour (worn)
 F - a +0 plate armour
Jewellery
 m - an amulet of regeneration (around neck)
 z - a +6 ring of intelligence
Wands
 u - a wand of flame (13)
 I - a wand of roots (10)
Scrolls
 h - 4 scrolls of identify {unknown}
 i - 3 scrolls of teleportation {unknown}
 k - a scroll of fear {unknown}
 p - a scroll of vulnerability {unknown}
 y - 3 scrolls of blinking {unknown}
 A - a scroll of enchant weapon {unknown}
 E - a scroll of acquirement {unknown}
 G - a scroll of noise {unknown}
 H - 3 scrolls of butterflies {unknown}
Potions
 j - 3 potions of might {unknown}
 n - 3 potions of curing {unknown}
 o - 2 potions of resistance {unknown}
 r - a potion of heal wounds {unknown}
 s - 2 potions of ambrosia {unknown}
 w - a potion of mutation {unknown}
 x - 2 potions of berserk rage {unknown}
 B - a potion of haste {unknown}
 C - 2 potions of degeneration {unknown}


   Skills:
 + Level 4.4 Fighting
 + Level 5.2(5.9) Axes
 + Level 4.0(5.3) Maces & Flails
 + Level 2.0 Throwing
 * Level 4.6 Armour
 + Level 4.1 Dodging


You had 7 spell levels left.
You didn't know any spells.
Your spell library was empty.

Dungeon Overview and Level Annotations

Branches:
Dungeon (7/15)             Temple (1/1) D:5

Altars:
Ashenzari
Cheibriados
Dithmenos
Fedhas
Gozag
Hepliaklqana
Kikubaaqudgha
Makhleb
Nemelex Xobeh
Qazlal
Ru
Sif Muna
Uskayaw
Vehumet
Wu Jian
Xom
Yredelemnul

Shops:
D:6 *

Annotations:
D:5 2 transporters


Innate Abilities, Weirdness & Mutations

You are mostly covered in rugged brown scales. (AC +2, +5% HP)
You sometimes gain a little power by taking damage.
Your touch may inflict irresistible damage on your foes.


Message History

Unknown command.
You hit the hornet. You freeze the hornet.
The hornet is moderately wounded.
You feel sick. The hornet stings you.
* * * LOW HITPOINT WARNING * * *
You are more poisoned.
You feel as though you will be slow longer.
The hornet barely misses you.
You barely miss the hornet.
The hornet is moderately wounded.
You feel very sick.
The hornet stings you but does no damage.
Unknown command.
You hit the hornet. You freeze the hornet.
The hornet is heavily wounded.
You feel sick. The hornet stings you.
* * * LOW HITPOINT WARNING * * *
You feel as though you will be slow longer.
The hornet stings you but does no damage.
Unknown command.
You closely miss the hornet.
The hornet is heavily wounded.
You feel sick. The hornet closely misses you.
Unknown command.
You closely miss the hornet.
The hornet is heavily wounded.
You feel sick. The hornet barely misses you. The hornet stings you.
* * * LOW HITPOINT WARNING * * *
You feel as though you will be slow longer.
Unknown command.
You slash the hornet! You freeze the hornet.
The hornet is severely wounded.
You feel sick.
The hornet stings you but does no damage.
Unknown command.
Unknown command.
You hit the hornet. You freeze the hornet.
The hornet is almost dead.
You feel sick. The hornet stings you!
You die...

# #.........
..#.##.........
##.#.#..........
............<...
.......?.......
#..............
#....y........
#....@........
##...!.........
##........>.....
#...........>...
....##...........
.## ##..<..##..
#............
............###
....###..#.#.#


You could see a hornet.

Vanquished Creatures
  A steam dragon (D:6)
  A sky beast (D:5)
  3 black bears
  A phantom (D:6)
  3 scorpions
  2 hounds (D:6)
  An orc priest (D:6)
  2 sleepcaps (D:5)
  Ijyb (D:4)
  2 orc wizards
  6 iguanas
  7 adders
  2 shadow imps (D:6)
  A white imp (D:6)
  5 worms
  3 dart slugs
  22 orcs
  6 endoplasms
  2 giant cockroaches
  12 goblins
  9 hobgoblins
  7 jackals (D:1)
  10 kobolds
  6 ball pythons
  6 bats
  7 frilled lizards
  3 rats (D:3)
131 creatures vanquished.

Vanquished Creatures (others)
  An orc (D:6)
1 creature vanquished.

Grand Total: 132 creatures vanquished

Notes
Turn   | Place    | Note
-------+----------+-------------------------------------------
     0 | D:1      | wildpjah the Demonspawn Gladiator began the quest for the
                  | Orb.
     0 | D:1      | Reached XP level 1. HP: 16/16 MP: 1/1
   182 | D:1      | Gained mutation: Your touch may inflict minor irresistible
                  | damage on your foes. [demonic ancestry]
   182 | D:1      | Reached XP level 2. HP: 22/22 MP: 2/2
   854 | D:2      | Gained mutation: Your touch may inflict irresistible damage
                  | on your foes. [demonic ancestry]
   854 | D:2      | Reached XP level 3. HP: 19/27 MP: 3/3
  1171 | D:2      | Gained mutation: You sometimes gain a little power by
                  | taking damage. [demonic ancestry]
  1171 | D:2      | Reached XP level 4. HP: 31/34 MP: 4/4
  1359 | D:2      | Reached skill level 1 in Armour
  1793 | D:3      | Found a faded altar of an unknown god.
  2247 | D:4      | Noticed Ijyb
  2279 | D:4      | Killed Ijyb
  2280 | D:4      | Reached skill level 1 in Axes
  2280 | D:4      | Reached XP level 5. HP: 39/39 MP: 5/5
  2683 | D:4      | Identified the +1 leather armour of Nihilism {rElec rCorr
                  | Str-5 Int+5}
  2782 | D:5      | Entered Level 5 of the Dungeon
  2792 | D:5      | Noticed a sky beast
  2815 | D:5      | Killed a sky beast
  2816 | D:5      | Reached skill level 2 in Axes
  2816 | D:5      | Gained mutation: You are partially covered in rugged brown
                  | scales. (AC +1, +3% HP) [demonic ancestry]
  2816 | D:5      | Reached XP level 6. HP: 10/48 MP: 6/6
  2862 | D:5      | Found a staircase to the Ecumenical Temple.
  2910 | D:5      | Found an ancient bone altar of Kikubaaqudgha.
  2959 | D:5      | Identified the +1 ring mail of Imperfection {Harm rN+
                  | Slay-3}
  2971 | D:5      | Reached skill level 3 in Axes
  2976 | D:5      | Gained mutation: You are mostly covered in rugged brown
                  | scales. (AC +2, +5% HP) [demonic ancestry]
  2976 | D:5      | Reached XP level 7. HP: 55/55 MP: 7/7
  3051 | D:5      | Found a transporter.
  3134 | D:5      | Reached skill level 4 in Axes
  3264 | D:5      | Found a transporter.
  3631 | D:5      | Found a hazy altar of Hepliaklqana.
  3703 | Temple   | Found a transporter.
  3703 | Temple   | Found a transporter.
  3703 | Temple   | Found a transporter.
  3703 | Temple   | Found a transporter.
  3703 | Temple   | Entered the Ecumenical Temple
  3716 | Temple   | Became a worshipper of Qazlal Stormbringer
  3941 | D:6      | Found a burning altar of Makhleb.
  3942 | D:6      | Noticed a steam dragon
  3952 | D:6      | Killed a steam dragon
  4030 | D:6      | Reached XP level 8. HP: 63/63 MP: 8/8
  4179 | D:6      | Found an opulent altar of Gozag.
  4361 | D:6      | Reached skill level 5 in Axes
  4486 | D:6      | Found Kebil's Gadget Gallery.
  4778 | D:7      | Noticed a hornet
  4781 | D:7      | Paralysed by a hornet for 2 turns
  4786 | D:7      | Paralysed by a hornet for 1 turns
  4797 | D:7      | HP: 4/96 [poisoned by a hornet]
  4798 | D:7      | Mangled by a hornet

Illustrated notes

Levels and vault maps discovered:
D:1:      ncdulo_lavacross, layout_loops_ring, minmay_surrounded
D:2:      layout_basic, minmay_tromino_v4_a
D:3:      layout_loops_ring, shapermc_ecumenical_altar_mp_ritualfount
D:4:      layout_loops_ring, uniq_ijyb
D:5:      layout_basic, mainiacjoe_overflow_cross_hatched, kennysheep_mini,
          minmay_temple_entry_ruins, gammafunk_ghost_gnarly_gnolls,
          minmay_between
D:6:      layout_loops_cross, nicolae_gozag_seed_capital,
          lightli_temple_of_fire, minmay_hedge_maze, nicolae_shop_gadgets
D:7:      layout_cave_pools, zin_statuary, mainiacjoe_overflow_chevrons,
          general_overflow_altar, mainiacjoe_overflow_catwalk_spiral,
          minmay_misc_feat_cross, kennysheep_generic_room_7, uniq_pikel,
          uniq_joseph
Temple:   hellmonk_temple_divided_pantheon

Skill      XL: |  1  2  3  4  5  6  7  8 |
---------------+-------------------------+-----
Throwing       | 2 |  2.0
Maces & Flails | 3 4 |  4.0
Dodging        | 3 4 |  4.1
Armour         | 1 2 3 4 |  4.6
Axes           | 1 2 3 4 5 |  5.2
Fighting       | 3 4 |  4.4

Action                     |  1- 3 |  4- 6 |  7- 9 || total
---------------------------+-------+-------+-------++-------
  Melee: Flail             |   131 |   100 |       ||   231
         Hand axe          |       |   144 |   246 ||   390
 Armour: Leather armour    |     5 |       |       ||     5
         Scale mail        |    84 |   116 |       ||   200
         Ring mail         |       |    88 |    46 ||   134
         Plate armour      |       |       |   144 ||   144
  Dodge: Dodged            |    80 |   157 |   103 ||   340

Table legend: (Time is in decaauts)
 A = Elapsed time spent in this place.
 B = Non-inter-level travel time spent in this place.
 C = Inter-level travel time spent in this place.
 D = Time resting spent in this place.
 E = Time spent auto-exploring this place.
 F = Levels seen in this place.
 G = Mean time per level.
                   A        B        C        D        E       F      G
               +--------+--------+--------+--------+--------+-----+--------+
         Total |   5224 |   4971 |    253 |      0 |   3570 |   8 |  653.0 |
       Dungeon |   5193 |   4940 |    253 |      0 |   3570 |   7 |  741.9 |
        Temple |     30 |     30 |      0 |      0 |      0 |   1 |   30.0 |
               +--------+--------+--------+--------+--------+-----+--------+

Top non-repeatable levels by time:
     D:5: 1083 daAuts
     D:6: 1043 daAuts
     D:2: 902 daAuts
     D:1: 863 daAuts
     D:3: 653 daAuts
     D:4: 621 daAuts
  Temple: 30 daAuts
     D:7: 25 daAuts
